 Dungeon Crawl Stone Soup version 0.17-a0-1515-gfae3d72 (webtiles) character file.

25043 namelastname112 the Arsonist (level 12, 0/100 HPs)
             Began as a Yellow Draconian Fire Elementalist on July 12, 2015.
             Was a High Priest of Vehumet.
             Slain by Snorg (3 damage)
             ... on level 4 of the Lair of Beasts.
             The game lasted 00:44:22 (20440 turns).

namelastname112 the Arsonist (DrFE)                Turns: 20440, Time: 00:44:22

Health: 0/100      AC: 11    Str: 11    XL:     12   Next: 86%
Magic:  3/26       EV: 15    Int: 19    God:    Vehumet [*****.]
Gold:   767        SH:  0    Dex: 13    Spells: 7 memorised, 5 levels left

rFire  + . .     SeeInvis .     X - staff of energy
rCold  . . .     Clarity  .     (armour unavailable)
rNeg   . . .     SustAt   .     (no shield)
rPois  +         Gourm    +     (helmet restricted)
rElec  .         Spirit   .     q - +1 cloak {rPois}
rCorr  +         Warding  .     (no gloves)
rMut   .         Stasis   .     G - +0 pair of boots
MR     +....                    H - amulet of the gourmand
Stlth  ++........               A - ring of protection from fire
                                m - ring of protection from magic

@: delayed fireball, somewhat resistant to hostile enchantments, unstealthy
A: spit acid, acid resistance, unfitting armour, hooves 1, cold-blooded, AC +8
a: Spit Acid, Renounce Religion, Release Delayed Fireball


You were on level 4 of the Lair of Beasts.
You worshipped Vehumet.
Vehumet was extremely pleased with you.
You were very full.

You visited 2 branches of the dungeon, and saw 14 of its levels.
You also visited: Ossuary.

You collected 872 gold pieces.
You spent 105 gold pieces at shops.

Inventory:

Hand weapons
 p - a +3 quarterstaff of crushing
Armour
 q - a +1 cloak of poison resistance (worn)
 G - a +0 pair of boots (worn)
Magical staves
 X - an uncursed staff of energy (weapon)
Jewellery
 m - a ring of protection from magic (left hand)
 A - a ring of protection from fire (right hand)
 H - an amulet of the gourmand (around neck)
Magical devices
 v - a wand of magic darts (23)
 w - a wand of random effects (41)
 B - a wand of frost (18)
 D - a wand of slowing (19)
 Q - a wand of polymorph (13)
 S - a wand of draining (6)
 V - a wand of confusion (38)
 Y - a wand of frost (34)
Scrolls
 d - 5 scrolls of recharging
 e - 8 scrolls of identify
 j - a scroll of magic mapping
 l - a scroll of amnesia
 s - 2 scrolls of immolation
 y - 5 scrolls of teleportation
 E - 2 scrolls of brand weapon
 F - 2 scrolls of remove curse
 M - 2 scrolls of blinking
 P - a scroll of enchant armour
Potions
 c - 3 potions of invisibility
 h - 3 potions of agility
 k - 3 potions of haste
 n - 3 potions of poison
 o - 5 potions of curing
 r - 2 potions of heal wounds
 u - 3 potions of magic
 J - 2 potions of ambrosia
 K - a potion of might
 O - a potion of resistance
 U - 2 potions of flight
Books
 a - a book of Flames

   Spells                             Type                      Level
   a - Flame Tongue                   Conjuration/Fire             1
   b - Throw Flame                    Conjuration/Fire             2
   c - Conjure Flame                  Conjuration/Fire             3
   d - Inner Flame                    Hexes/Fire                   3
   e - Sticky Flame                   Conjuration/Fire             4
   f - Fireball                       Conjuration/Fire             5
 i - a book of Hinderance

   Spells                             Type                      Level
   a - Confusing Touch                Hexes                        2
   b - Confuse                        Hexes                        3
   c - Gell's Gravitas                Hexes/Translocation          3
   d - Petrify                        Transmutation/Earth          4
   e - Metabolic Englaciation         Hexes/Ice                    5
 z - a book of the Warp

   Spells                             Type                      Level
   a - Recall                         Summoning/Translocation      3
   b - Gell's Gravitas                Hexes/Translocation          3
   c - Force Lance                    Conjuration/Translocation    4
   d - Phase Shift                    Translocation                5
   e - Warp Weapon                    Charms/Translocation         5
   f - Summon Forest                  Summoning/Translocation      5
 I - a Necronomicon

   Spells                             Type                      Level
   a - Haunt                          Necromancy/Summoning         7
   b - Borgnjor's Revivification      Necromancy                   8
   c - Death's Door                   Charms/Necromancy            8
   d - Necromutation                  Transmutation/Necromancy     8
 L - a book of the Dragon

   Spells                             Type                      Level
   a - Flame Tongue                   Conjuration/Fire             1
   b - Cause Fear                     Hexes                        4
   c - Bolt of Fire                   Conjuration/Fire             6
   d - Dragon Form                    Transmutation                7
   e - Dragon's Call                  Summoning                    9
 T - a Grand Grimoire

   Spells                             Type                      Level
   a - Monstrous Menagerie            Summoning                    6
   b - Summon Greater Demon           Summoning                    7
   c - Malign Gateway                 Summoning/Translocation      7
   d - Summon Horrible Things         Summoning                    8
 W - a book of Enchantments

   Spells                             Type                      Level
   a - Cause Fear                     Hexes                        4
   b - Silence                        Hexes/Air                    5
   c - Deflect Missiles               Charms/Air                   6
   d - Haste                          Charms                       6
   e - Discord                        Hexes                        8
Miscellaneous
 N - a phial of floods
Comestibles
 b - 4 bread rations
 f - 2 slices of pizza
 g - 3 beef jerkies
 t - 4 fruits
 x - 3 chunks of flesh
 C - 2 meat rations
 R - 6 royal jellies


   Skills:
 + Level 7.0 Fighting
 + Level 6.1 Dodging
 - Level 1.7 Stealth
 - Level 10.3 Spellcasting
 - Level 11.1 Conjurations
 - Level 11.2 Fire Magic
 + Level 6.1 Evocations


You had 5 spell levels left.
You knew the following spells:

 Your Spells              Type           Power        Failure   Level  Hunger
a - Conjure Flame         Conj/Fire      ######..     1%          3    None
b - Bolt of Fire          Conj/Fire      ######....   4%          6    None
c - Fireball              Conj/Fire      ######....   1%          5    None
d - Bolt of Magma         Conj/Fire/Erth #####.....   3%          5    None
e - Delayed Fireball      Conj/Fire      N/A          26%         7    None
x - Sticky Flame          Conj/Fire      ######..     1%          4    None
z - Flame Tongue          Conj/Fire      #####        1%          1    None


Dungeon Overview and Level Annotations

Branches:
Dungeon (10/15)            Temple (0/1) D:5            Lair (4/8) D:9
 Shoals (0/4) Lair:3          Orc (0/4) D:9
  Snake: Lair:3-6    Spider: Lair:3-6

Altars:
Ashenzari
Dithmenos
Elyvilon
Kikubaaqudgha
Makhleb
Okawaru
Ru
Sif Muna
Vehumet
Yredelemnul

Shops:
D:4 (   D:7 %   D:8 ?   D:10 %

Annotations:
D:10 exclusion: obsidian statue
Lair:4 Snorg


Innate Abilities, Weirdness & Mutations

You can spit globs of acid.
You are resistant to acid.
Your golden yellow scales are hard (AC +8).
Your body does not fit into most forms of armour.
You are cold-blooded and may be slowed by cold attacks.
You have large cloven feet.


Message History

Press: ? - help, Shift-Dir - straight line, f/p - Snorg
Aim: Snorg (severely wounded, berserk, fast, unusually strong, covered in liquid flames)
The bolt of fire hits Snorg.
Snorg is almost dead.
Snorg burns!
Snorg bites you! Snorg closely misses you. Snorg claws you!!
* * * LOW HITPOINT WARNING * * *
Unknown command.
Snorg burns!
Snorg rages.
Snorg barely misses you. Snorg claws you.
* * * LOW HITPOINT WARNING * * *
Snorg closely misses you.
Unknown command.
Snorg burns!
Snorg burns!
Snorg bites you!
* * * LOW HITPOINT WARNING * * *
Snorg claws you!
* * * LOW HITPOINT WARNING * * *
Snorg claws you.
You die...

#...................
#..#...............##
#...................#
#..#...#.............
#....##............#
#.....#...........# ..
#........#........# ...
.....##..........########....
.#####P.###.....@##.#.....#
#.# #### ###....T........#
### ###.......$...#
#.#...........#
#..............#
#................#
##...............#
#...............P #
..................


You could see Snorg (berserk).

Vanquished Creatures
  2 hydras (Lair:2)
  A centaur warrior (D:10)
  The ghost of amnekian the Nimble, an experienced MfGl of Fedhas (D:8)
  4 death yaks (Lair:4)
  The ghost of George the Covered, an experienced HuFi of the Shining One (D:9)
  An unseen horror (D:9)
  Pikel (D:5)
  The ghost of Rayvis the Cleaver, an experienced MiFi (D:5)
  A manticore (Lair:3)
  A griffon (Lair:4)
  Joseph (D:7)
  2 black mambas
  4 spiny frogs
  A fire drake (Lair:4)
  4 komodo dragons
  2 trolls (D:10)
  A queen bee (D:9)
  Prince Ribbit (D:6)
  A two-headed ogre (D:8)
  6 blink frogs
  2 deep elf fighters (D:9)
  A hungry ghost (D:8)
  6 yaks
  A wraith (D:10)
  Eustachio (D:6)
  A wyvern (D:10)
  A basilisk (Lair:1)
  3 wolves (Lair:4)
  Edmund (D:6)
  3 hippogriffs
  5 porcupines
  A wasp (D:10)
  A slave (D:5)
  10 water moccasins
  An eye of draining (D:9)
  2 ice beasts
  7 orc warriors
  A black bear (D:10)
  3 sky beasts
  3 ogres
  9 giant frogs
  5 centaurs
  6 big kobolds (D:8)
  Blork the orc (D:4)
  3 crocodiles
  A gnoll sergeant (D:9)
  An elf zombie (Ossuary)
  2 scorpions
  4 wights (D:8)
  17 killer bees (D:9)
  7 jellies
  An electric eel (D:7)
  7 crimson imps
  2 centaur zombies
  2 human zombies (Ossuary)
  A centaur skeleton (D:7)
  3 hounds
  10 orc wizards
  A quasit (D:9)
  Crazy Yiuf (D:2)
  9 orc priests
  A giant frog skeleton (D:10)
  A gnoll shaman (D:4)
  13 iguanas
  3 worker ants
  6 sheep (Lair:3)
  2 big kobold zombies (Ossuary)
  4 hound zombies (Ossuary)
  3 mummies (Ossuary)
  2 worker ant zombies (D:5)
  7 gnolls
  12 adders
  38 river rats
  5 shadow imps
  5 adder zombies
  2 worms
  2 giant geckos
  79 orcs
  3 ball pythons
  13 bats
  A bat skeleton (D:5)
  6 giant cockroaches
  2 gnoll zombies (Ossuary)
  9 goblins
  17 hobgoblins
  27 jackals
  4 giant newts
  3 goblin zombies (Ossuary)
  5 hobgoblin zombies (Ossuary)
  A jackal zombie (Ossuary)
  24 kobolds
  2 kobold zombies (Ossuary)
  An orc zombie (Ossuary)
  2 quokkas (D:3)
  A quokka skeleton (D:6)
  3 quokka zombies
  21 rats
  8 rat zombies
  5 plants
527 creatures vanquished.

Vanquished Creatures (others)
  A giant frog (D:5)
  3 fungi
  3 plants
7 creatures vanquished.

Grand Total: 534 creatures vanquished

Notes
Turn   | Place    | Note
--------------------------------------------------------------
     0 | D:1      | namelastname112 the Draconian Fire Elementalist began the quest for the Orb.
     0 | D:1      | Reached XP level 1. HP: 14/14 MP: 3/3
   347 | D:1      | Reached XP level 2. HP: 18/20 MP: 0/5
  1306 | D:2      | Noticed Crazy Yiuf
  1391 | D:2      | Reached XP level 3. HP: 26/26 MP: 5/7
  1780 | D:2      | Learned a level 3 spell: Conjure Flame
  1816 | D:2      | Killed Crazy Yiuf
  1951 | D:3      | Reached XP level 4. HP: 16/33 MP: 2/8
  2290 | D:3      | Reached XP level 5. HP: 23/38 MP: 4/10
  2470 | D:3      | Reached skill level 4 in Fire Magic
  2991 | D:3      | Learned a level 4 spell: Sticky Flame
  3006 | D:3      | Noticed an ogre
  3021 | D:3      | Killed an ogre
  3021 | D:3      | Reached XP level 6. HP: 45/45 MP: 0/11
  3171 | D:3      | Found a radiant altar of Vehumet.
  3183 | D:3      | Became a worshipper of Vehumet
  3739 | D:4      | Noticed Blork the orc
  3749 | D:4      | Killed Blork the orc
  3779 | D:4      | Found a sand-covered staircase.
  3786 | Ossuary  | Entered an ossuary
  3850 | Ossuary  | Acquired Vehumet's first power
  3850 | Ossuary  | Offered knowledge of Shock by Vehumet.
  4107 | Ossuary  | Reached skill level 5 in Fire Magic
  4399 | Ossuary  | Your scales start taking on a golden yellow colour.
  4399 | Ossuary  | Reached XP level 7. HP: 46/50 MP: 8/13
  4491 | Ossuary  | Offered knowledge of Magic Dart by Vehumet.
  4723 | D:4      | Found a shattered altar of Ashenzari.
  4819 | D:4      | Reached skill level 5 in Spellcasting
  4819 | D:4      | Reached skill level 5 in Conjurations
  5276 | D:4      | Found an ancient bone altar of Kikubaaqudgha.
  5279 | D:4      | Found a shadowy altar of Dithmenos.
  5320 | D:4      | Found Mizanab's Antique Weapon Shoppe.
  5349 | D:4      | Found a sacrificial altar of Ru.
  5458 | D:4      | Found a burning altar of Makhleb.
  5559 | D:5      | Entered Level 5 of the Dungeon
  5559 | D:5      | Found a staircase to the Ecumenical Temple.
  5653 | D:5      | Noticed Rayvis's ghost (experienced MiFi)
  5660 | D:5      | Killed Rayvis's ghost
  5660 | D:5      | Reached skill level 6 in Spellcasting
  5660 | D:5      | Reached XP level 8. HP: 45/57 MP: 7/17
  6025 | D:5      | Offered knowledge of Stone Arrow by Vehumet.
  6106 | D:5      | Noticed Pikel
  6128 | D:5      | Killed Pikel
  6128 | D:5      | Reached skill level 7 in Conjurations
  6128 | D:5      | Reached XP level 9. HP: 10/62 MP: 7/19
  6465 | D:5      | Found a shadowy altar of Dithmenos.
  6593 | D:6      | Found a deep blue altar of Sif Muna.
  6617 | D:6      | Noticed Edmund
  6620 | D:6      | Acquired Vehumet's second power
  6623 | D:6      | Noticed Eustachio
  6631 | D:6      | Noticed Prince Ribbit
  6637 | D:6      | Killed Prince Ribbit
  6669 | D:6      | Killed Edmund
  6689 | D:6      | Reached skill level 8 in Fire Magic
  6697 | D:6      | HP: 3/62 [river rat[Eustachio] (5)]
  6701 | D:6      | Killed Eustachio
  7166 | D:6      | Found a basalt altar of Yredelemnul.
  7440 | D:7      | Noticed Joseph
  7454 | D:7      | Killed Joseph
  7757 | D:7      | Found Penokudo's Food Boutique.
  7791 | D:7      | Found an iron altar of Okawaru.
  7860 | D:7      | Offered knowledge of Fulminant Prism by Vehumet.
  7884 | D:7      | Learned a level 5 spell: Fireball
  7934 | D:7      | Found a white marble altar of Elyvilon.
  8222 | D:8      | Noticed amnekian's ghost (experienced MfGl)
  8226 | D:8      | Reached XP level 10. HP: 37/69 MP: 21/21
  8592 | D:8      | Reached skill level 9 in Fire Magic
  8599 | D:8      | Gained mutation: You have large cloven feet. [mutagenic meat]
  9039 | D:8      | Learned a level 6 spell: Bolt of Fire
  9075 | D:8      | Found Tuschuity's Magic Scroll Emporium.
  9083 | D:8      | Bought a scroll of blinking for 75 gold pieces
  9083 | D:8      | Bought a scroll of teleportation for 30 gold pieces
  9182 | D:8      | Acquired Vehumet's third power
  9786 | D:8      | Killed amnekian's ghost
 10342 | D:8      | Offered knowledge of Mephitic Cloud by Vehumet.
 10619 | D:9      | Reached skill level 10 in Fire Magic
 10933 | D:9      | Found a staircase to the Lair.
 11157 | D:9      | Reached skill level 10 in Conjurations
 11238 | D:9      | Reached XP level 11. HP: 66/74 MP: 11/24
 11324 | D:9      | Offered knowledge of Bolt of Magma by Vehumet.
 11349 | D:9      | Noticed an unseen horror
 11352 | D:9      | Killed an unseen horror
 11791 | D:9      | Found a shattered altar of Ashenzari.
 11807 | D:9      | Noticed George's ghost (experienced HuFi)
 11818 | D:9      | Killed George's ghost
 12075 | D:9      | Found a staircase to the Orcish Mines.
 12324 | D:10     | Entered Level 10 of the Dungeon
 12803 | D:10     | Noticed a centaur warrior
 12811 | D:10     | Killed a centaur warrior
 12983 | D:10     | Reached skill level 10 in Spellcasting
 13427 | D:10     | Found Feafiack's Food Emporium.
 13612 | D:10     | Noticed an obsidian statue
 13770 | D:10     | Learned a level 5 spell: Bolt of Magma
 14303 | D:10     | Reached skill level 11 in Fire Magic
 14686 | Lair:1   | Entered Level 1 of the Lair of Beasts
 15693 | Lair:1   | Reached skill level 1 in Fighting
 15858 | Lair:1   | Reached skill level 1 in Evocations
 16383 | Lair:2   | Noticed a five-headed hydra
 16397 | Lair:2   | Killed a five-headed hydra
 16706 | Lair:2   | Reached XP level 12. HP: 83/88 MP: 19/26
 16707 | Lair:2   | Offered knowledge of Delayed Fireball by Vehumet.
 17060 | Lair:2   | Learned a level 7 spell: Delayed Fireball
 17219 | Lair:2   | Noticed an eight-headed hydra
 17222 | Lair:2   | Killed an eight-headed hydra
 18144 | Lair:3   | Found a staircase to the Shoals.
 18472 | Lair:3   | Reached skill level 5 in Fighting
 18864 | Lair:3   | Reached skill level 5 in Dodging
 19237 | Lair:4   | Reached skill level 5 in Evocations
 20427 | Lair:4   | Noticed Snorg
 20440 | Lair:4   | HP: 3/100 [Snorg (10)]
 20440 | Lair:4   | Slain by Snorg

Vault maps used:
D:1:      dpeg_arrival_shelter, minmay_surrounded
D:2:      amethyst_killhole, uniq_crazy_yiuf_cottage
D:3:      vehumet_altar_wand_db, first_bread
D:4:      nicolae_overflow_hidden_temple, nicolae_overflow_crystal_walls,
          lemuel_coloured_pillars_altar, enter_ossuary_4, portal_sewer_entry_e,
          serial_shops, kennysheep_mini, hangedman_decor_points,
          uniq_blork_the_orc
D:5:      minmay_temple_entry_trees, grunt_dithmenos_shadows, uniq_pikel
D:6:      yredelemnul_altar_generic, basic_altar, st_stairs_5, uniq_edmund,
          uniq_eustachio, uniq_prince_ribbit1
D:7:      lemuel_crystal_altar, old_standard_altar, serial_shops, shop,
          serial_bayou_pond_b, uniq_joseph
D:8:      wad_woods_minihive, special_room, serial_shops, shop
D:9:      lair_0_dummy, hiddenorc2_lemuel, basic_altar, david_nohive_1,
          sword_in_stone
D:10:     minmay_curly_fans, serial_shops, shop, special_room,
          minmay_statue_bubble
Lair:1:   wad_woods_06, infiniplex_staircase_pool_2
Lair:3:   minmay_shoals_entry_beasts, minmay_holes,
          nicolae_quartered_pool_little
Lair:4:   nicolae_quartered_pool_medium, uniq_snorg
Ossuary:  minmay_ossuary_two_tombs

Action                   |  1- 3 |  4- 6 |  7- 9 | 10-12 || total
-------------------------+-------+-------+-------+-------++-------
Melee: Unarmed           |    22 |       |       |       ||    22
       Quarterstaff      |     2 |   107 |   244 |   181 ||   534
       Staff             |       |       |       |    41 ||    41
 Cast: Flame Tongue      |    53 |    99 |   139 |   647 ||   938
       Conjure Flame     |     1 |     2 |     3 |    15 ||    21
       Sticky Flame      |       |     5 |    16 |    62 ||    83
       Fireball          |       |       |     1 |    22 ||    23
       Bolt of Fire      |       |       |       |    36 ||    36
       Bolt of Magma     |       |       |       |     6 ||     6
       Delayed Fireball  |       |       |       |     1 ||     1
  Use: Potion            |     1 |     2 |     6 |     1 ||    10
       Scroll            |       |     4 |       |    16 ||    20
 Stab: Paralysed         |       |     1 |     1 |     6 ||     8
       Petrifying        |       |     1 |       |       ||     1
       Sleeping          |       |       |     1 |       ||     1
       Distracted        |       |       |     1 |     1 ||     2
       Petrified         |       |       |       |     1 ||     1
  Eat: Chunk             |     3 |     6 |     8 |    31 ||    48
       Meat ration       |       |     1 |     1 |     3 ||     5
       Fruit             |       |       |     1 |       ||     1
       Beef jerky        |       |       |       |     1 ||     1
       Royal jelly       |       |       |       |     1 ||     1
       Pizza             |       |       |       |     1 ||     1
